Map: Acid Plant LE

Players

CinDra - Winner!

  • Race: Zerg Zerg
  • League: Bronze
  • Spawn Location: 5:00

A.I. 1 (Hard)

  • Race: Zerg Zerg
  • Spawn Location: 11:00

VOD

Have the link to the VOD?

Description

Time

  • Played on: Feb. 8, 2018, midnight
  • Length: 13:50
Show
View Real Time Build Order
Export as new Build Order

CinDra Zerg - Winner!

Build Orders: Hatch First 

Get SALT Encoding   

  12  0:01  Drone  
  13  0:13  Overlord  
  13  0:18  Drone  
  14  0:31  Drone  
  15  0:36  Drone  
  16  0:45  Drone  
  17  0:55  Hatchery  
  16  1:01  Drone  
  17  1:07  Drone  
  18  1:17  Extractor  
  17  1:23  Drone  
  17  1:25  Spawning Pool  
  17  1:32  Drone  
  18  1:40  Drone  
  19  1:49  Overlord  
  19  2:00  Drone  
  21  2:08  Drone  
  21  2:12  Queen x2  
  21  2:14  Drone  
  26  2:21  Zergling x2  
  26  2:22  Zergling x2  
  28  2:28  Metabolic Boost  
  29  2:37  Drone x2  
  29  2:43  Drone x2  
  32  2:49  Extractor  
  31  2:59  Drone x2  
  33  3:11  Drone  
  34  3:13  Zergling x4  
  36  3:31  Overlord x2  
  36  3:46  Overlord x2  
  36  3:55  Roach Warren  
  35  4:02  Drone x3  
  38  4:03  Drone x2  
  38  4:06  Zergling x2  
  38  4:07  Zergling x10  
  38  4:09  Pneumatized Carapace  
  46  4:21  Drone x2  
  48  4:32  Drone x4  
  48  4:33  Drone  
  48  4:35  Lair  
  48  4:37  Roach x3  
  48  4:38  Roach  
  61  4:40  Overlord  
  59  4:57  Roach x4  
  59  4:58  Overlord  
  59  4:59  Overlord x2  
  67  5:07  Drone x2  
  67  5:08  Drone  
  67  5:12  Extractor  
  69  5:14  Extractor  
  68  5:34  Queen  
  70  5:37  Roach x3  
  70  5:38  Roach x5  
  70  5:40  Hatchery  
  85  5:48  Drone x2  
  85  5:49  Drone x2  
  89  6:18  Roach  
  89  6:19  Zergling x4, Roach x2  
  89  6:21  Overlord  
  97  6:47  Roach x3  
  97  6:48  Roach x2, Overlord x2  
  97  6:49  Overlord  
  107  6:58  Spire  
  106  7:02  Evolution Chamber  
  106  7:03  Evolution Chamber  
  104  7:23  Zergling x6  
  104  7:24  Roach x5, Overlord  
  114  8:07  Glial Reconstitution  
  114  8:11  Zerg Flyer Weapons Level 1  
  114  8:13  Zerg Melee Weapons Level 1  
  114  8:14  Zerg Ground Armor Level 1  
  114  8:25  Queen  
  114  8:26  Drone  
  118  8:27  Drone x4  
  121  8:37  Roach x3  
  121  8:38  Roach, Overlord  
  121  8:39  Overlord  
  121  8:40  Zergling x6  
  132  8:42  Mutalisk  
  134  8:59  Mutalisk x5  
  134  9:00  Mutalisk x3  
  134  9:02  Drone  
  151  9:12  Mutalisk x2  
  151  9:15  Overlord  
  155  9:38  Drone  
  155  9:39  Drone x4  
  160  9:50  Roach  
  160  9:51  Roach x4, Overlord x2  
  160  9:52  Overlord x3  
  159  10:20  Mutalisk x2  
  159  10:21  Mutalisk x8  
  161  10:23  Zergling x2  
  161  10:24  Zergling x8  
  182  10:39  Extractor  
  182  10:41  Extractor  
  180  10:46  Zergling x4  
  180  10:47  Zergling x8  
  186  11:07  Infestation Pit  
  186  11:10  Zerg Missile Weapons Level 1  
  185  11:14  Zerg Flyer Armor Level 1  
  185  11:32  Zerg Ground Armor Level 2  
  185  11:38  Overseer  
  185  12:28  Unknown  
  166  12:53  Roach x13  
  166  12:54  Roach x4  
  183  13:22  Mutalisk x8  
  183  13:23  Zergling x2  
Show
View Real Time Build Order
Export as new Build Order

A.I. 1 (Hard) Zerg 

Build Orders: Pool First 

Get SALT Encoding   

  12  0:00  Drone  
  13  0:12  Overlord  
  13  0:16  Drone  
  14  0:30  Drone  
  14  0:32  Drone  
  16  0:42  Spawning Pool  
  16  0:45  Drone  
  16  0:49  Drone  
  17  0:52  Extractor  
  17  0:55  Drone  
  17  1:06  Overlord  
  17  1:31  Zergling x2, Queen  
  20  1:38  Drone  
  20  1:39  Roach Warren  
  20  1:40  Extractor  
  20  1:43  Zergling x2  
  20  1:49  Drone  
  21  1:59  Drone  
  22  2:12  Drone  
  23  2:21  Roach  
  25  2:32  Drone  
  26  2:37  Overlord  
  26  2:38  Roach  
  28  2:50  Roach  
  30  2:57  Overlord  
  30  3:02  Roach  
  32  3:15  Roach  
  34  3:21  Overlord  
  36  3:27  Roach  
  36  3:39  Roach  
  36  3:40  Drone  
  39  3:44  Overlord  
  39  3:48  Drone  
  39  3:51  Roach  
  39  3:52  Drone  
  43  3:56  Drone  
  44  4:03  Drone  
  45  4:13  Baneling Nest, Drone  
  45  4:15  Roach  
  45  4:16  Drone  
  48  4:19  Evolution Chamber  
  48  4:22  Drone  
  48  4:28  Roach  
  50  4:40  Roach  
  52  4:52  Roach  
  54  6:45  Overlord, Zerg Melee Weapons Level 1, Lair  
  54  6:47  Evolution Chamber  
  54  6:49  Spore Crawler  
  54  6:51  Spore Crawler, Drone  
  54  6:52  Hatchery, Drone  
  51  7:12  Zerg Missile Weapons Level 1  
  51  7:14  Spine Crawler  
  50  7:15  Spine Crawler  
  50  7:17  Drone  
  50  7:25  Hatchery  
  49  7:33  Zergling x2  
  49  7:42  Burrow  
  49  7:43  Overseer x2  
  49  7:45  Spire  
  49  7:46  Drone  
  49  7:48  Hydralisk Den  
  49  7:49  Drone  
  49  7:52  Infestation Pit  
  49  7:53  Drone  
  49  8:17  Hydralisk  
  51  8:26  Hydralisk  
  53  8:34  Hydralisk  
  53  8:37  Queen  
  53  8:38  Drone  
  53  8:39  Zerg Ground Armor Level 1, Drone  
  53  8:41  Drone  
  60  8:42  Drone  
  60  8:43  Hydralisk, Drone  
  60  8:44  Spore Crawler, Extractor  
  60  8:45  Drone  
  60  8:46  Drone  
  60  8:47  Spore Crawler  
  60  8:48  Drone  
  64  8:49  Spore Crawler, Drone  
  64  8:51  Drone  
  64  8:52  Drone  
  64  8:53  Drone, Queen  
  69  9:02  Overlord  
  69  9:05  Drone  
  69  9:08  Drone  
  71  9:11  Drone  
  71  9:13  Drone  
  71  9:16  Drone  
  74  9:18  Drone  
  74  9:23  Overlord  
  75  9:27  Drone  
  75  9:30  Drone  
  77  9:32  Drone  
  77  9:34  Drone  
  77  9:36  Drone  
  80  9:38  Drone  
  80  9:40  Drone  
  80  9:44  Overlord  
  82  9:50  Spine Crawler  
  82  9:51  Drone  
  82  9:56  Roach  
  82  9:57  Spine Crawler  
  82  9:58  Drone  
  82  10:09  Queen  
  80  11:06  Pneumatized Carapace  
  80  11:07  Zerg Melee Weapons Level 2, Overseer, Hydralisk  
  80  11:08  Glial Reconstitution, Zerg Ground Armor Level 2, Zerg Flyer Weapons Level 1  
  82  11:11  Hydralisk  
  82  11:16  Infestor  
  82  11:17  Hatchery  
  85  11:22  Pathogen Glands  
  85  11:29  Zergling x2, Overseer, Overlord  
  85  11:43  Extractor  
  84  11:51  Hive  
  84  12:29  Drone, Queen  
  85  12:31  Spore Crawler, Drone  
  85  12:32  Spore Crawler, Drone  
  85  12:33  Zergling x2  
  85  12:34  Drone  
  85  12:35  Spore Crawler, Drone  
  69  12:37  Zergling x2, Drone  
  69  12:40  Mutalisk  
  69  12:44  Hydralisk  
  60  12:47  Hydralisk  
  59  12:52  Zergling x2  
  59  12:55  Zergling x2  
  54  12:58  Overseer, Mutalisk  
  54  13:03  Zergling x2  
  48  13:06  Zergling x2  
  48  13:07  Ultralisk Cavern  
  48  13:11  Roach  
  29  13:15  Roach, Hatchery, Drone  
  29  13:17  Drone  
  26  13:22  Drone  
  26  13:24  Roach, Drone  
  24  13:28  Roach  
  24  13:29  Drone x2  
Tags
 
League
Bronze
Matchup
ZvZ
Race
Zerg
Spawn Locations
Cross Positions
Add a new tag
Caveats
  • Supply blocks, unpowered buildings, or Contaminate may cause inaccurate times.
  • Supply counts are checked every 10 seconds.